 Dungeon Crawl Stone Soup version 0.31-a0-986-g5e6e4ef867 (webtiles) character file.

Game seed: 7241156871810618282

455 arthad the Magician (level 6, -7/33 HPs)
             Began as a Deep Elf Earth Elementalist on Nov 18, 2023.
             Mangled by a water moccasin (8 damage)
             ... on level 7 of the Dungeon.
             The game lasted 00:10:33 (3326 turns).

arthad the Magician (Deep Elf Earth Elementalist)   Turns: 3326, Time: 00:10:34

Health: -7/33      AC:  3    Str:  8    XL:     6   Next: 76%
Magic:  11/14      EV: 14    Int: 22    God:
Gold:   176        SH:  5    Dex: 22    Spells: 5/13 levels left

rFire   + . .        h - +8 arbalest of the Shore {drain, rElec Str+3 Dex+7 Stlth-}
rCold   + . .        (shield currently unavailable)
rNeg    . . .        a - +1 robe
rPois   .            (no helmet)
rElec   +            s - scarf {rC+ rF+}
rCorr   .            (no gloves)
SInv    .            (no boots)
Will    .....        i - amulet of reflection
Stlth   ++           (no ring)
HPRegen 0.25/turn    (no ring)
MPRegen 0.14/turn

%: reflection
@: lethally poisoned (-7 -> -14), attractive
A: no striking features
a: no special abilities


You were on level 7 of the Dungeon.
You visited 1 branch of the dungeon, and saw 5 of its levels.

You collected 176 gold pieces.

Inventory:

Hand Weapons
 d - a +1 spear of venom
 h - the +8 arbalest of the Shore (weapon) {drain, rElec Str+3 Dex+7 Stlth-}
   (You took it off a hobgoblin on level 3 of the Dungeon)

   Str+3:     It affects your strength (+3).
   Dex+7:     It affects your dexterity (+7).
   rElec:     It insulates you from electricity.
   Stlth-:    It makes you less stealthy.
Missiles
 e - 15 poisoned darts
 l - 3 boomerangs
 r - 5 atropa-tipped darts
Armour
 a - a +1 robe (worn)
 s - a scarf of resistance (worn)
Jewellery
 i - an amulet of reflection (around neck)
Wands
 m - a wand of acid (4)
Scrolls
 c - 2 scrolls of vulnerability
 j - a scroll of amnesia
 k - a scroll of immolation
 n - a scroll of identify {unknown}
 q - a scroll of poison {unknown}
Potions
 b - a potion of magic
 o - a potion of might {unknown}
 p - a potion of heal wounds {unknown}


   Skills:
 + Level 0.9 Fighting
 * Level 1.9 Ranged Weapons
 + Level 1.4 Armour
 * Level 4.0 Dodging
 * Level 4.2 Stealth
 * Level 4.4 Spellcasting
 * Level 1.9 Conjurations
 * Level 1.5 Hexes
 + Level 2.2 Transmutations
 + Level 1.4 Fire Magic
 * Level 4.2 Earth Magic


You had 5 spell levels left.
You knew the following spells:

 Your Spells              Type           Power      Damage    Failure   Level
a - Sandblast             Erth           46%        2d11      1%          1
b - Passwall              Tmut/Erth      15%        N/A       4%          2
c - Stone Arrow           Conj/Erth      36%        3d9       9%          3
d - Scorch                Fire           22%        2d5       9%          2

Your spell library contained the following spells:

 Spells                   Type           Power      Damage    Failure   Level
 Tukima's Dance           Hex            11%        N/A       17%         3
 Petrify                  Tmut/Erth      19%        N/A       28%         4
 Brom's Barrelling Bould  Conj/Erth      18%        2d4       30%         4
 Flame Wave               Conj/Fire      12%        2d6       47%         4
 Passage of Golubria      Tloc           4%         N/A       71%         4
 Yara's Violent Unravell  Hex/Tmut       6%         3d5       80%         5
 Summon Cactus Giant      Summ           2%         N/A       100%        6


Dungeon Overview and Level Annotations

Branches:
Dungeon (4/15)
 Temple: D:4-7

Altars:
Yredelemnul

Annotations:
D:3 1 runed translucent door


Message History

Aim: a water moccasin (moderately wounded, 72% to hit)
The blast of sand hits the water moccasin!
The water moccasin is heavily wounded.
The water moccasin bites you.
You are poisoned.
The water moccasin poisons you!
Casting: Sandblast (safe; 1% risk of failure)
Confirm with . or Enter, or press ? or * to list all spells.
Aiming: Sandblast (safe; 1% risk of failure)
Press: ? - help, Shift-Dir - straight line, f/p - water moccasin
Aim: a water moccasin (heavily wounded, 72% to hit)
The blast of sand hits the water moccasin.
The water moccasin is severely wounded.
You feel very sick. The water moccasin bites you.
You are lethally poisoned!
The water moccasin poisons you! You block the water moccasin's attack.
Casting: Sandblast (safe; 1% risk of failure)
Confirm with . or Enter, or press ? or * to list all spells.
Aiming: Sandblast (safe; 1% risk of failure)
Press: ? - help, Shift-Dir - straight line, f/p - water moccasin
Aim: a water moccasin (severely wounded, 72% to hit)
The blast of sand hits the water moccasin.
The water moccasin is severely wounded.
You feel extremely sick. The water moccasin closely misses you.
An orc wizard comes into view. It is wielding a +4 dagger.
The water moccasin bites you!
* * * LOW HITPOINT WARNING * * *
You feel better. The water moccasin misses you. The water moccasin bites you.
* * * LOW HITPOINT WARNING * * *
You are lethally poisoned!
The water moccasin poisons you!
Okay, then.
It was a potion of attraction.
You feel attractive to monsters.
* * * LOW HITPOINT WARNING * * *
You feel very sick. The water moccasin bites you!
You die...

.......#.. ....
..(..#.#.###....
.....#.#.......#
...............# ...
................ ....
............o# ....
#......### ##....
##.....§.# #.....
#.###.@S....######.....
#........§°☼.......#.?
##..........##.(......
##...................
##........#.#.......
##.........###.#...
##...<#....####.##
##..####.## . ##.# ###
.#


You could see a water moccasin and an orc wizard.

Vanquished Creatures
  A phantom (D:4)
  A bullfrog (D:7)
  An orc priest (D:4)
  2 hounds (D:4)
  An orc wizard (D:3)
  Terence (D:2)
  6 adders
  A shadow imp (D:7)
  A white imp (D:7)
  2 worms
  A dart slug (D:1)
  8 orcs
  9 ball pythons
  9 bats
  7 endoplasms
  4 giant cockroaches
  7 goblins
  10 hobgoblins
  7 jackals
  5 quokkas
  4 frilled lizards
  7 kobolds
  A kobold skeleton (D:3)
  10 rats
106 creatures vanquished.

Notes
Turn   | Place    | Note
-------+----------+-------------------------------------------
     0 | D:1      | arthad the Deep Elf Earth Elementalist began the quest for
                  | the Orb.
     0 | D:1      | Reached XP level 1. HP: 10/10 MP: 6/6
   202 | D:1      | Reached XP level 2. HP: 15/15 MP: 6/8
   205 | D:1      | Learned a level 2 spell: Passwall
   692 | D:1      | Reached XP level 3. HP: 19/19 MP: 8/10
  1328 | D:2      | Noticed Terence
  1334 | D:2      | Killed Terence
  1335 | D:2      | Reached XP level 4. HP: 6/24 MP: 5/11
  1339 | D:2      | Learned a level 3 spell: Stone Arrow
  1342 | D:2      | Learned a level 2 spell: Scorch
  2048 | D:3      | Reached skill level 1 in Conjurations
  2048 | D:3      | Reached skill level 1 in Fire Magic
  2052 | D:3      | Reached skill level 1 in Armour
  2148 | D:3      | Reached XP level 5. HP: 28/28 MP: 8/13
  2217 | D:3      | Identified the +8 arbalest of the Shore {drain, rElec Str+3
                  | Dex+7 Stlth-}
  2273 | D:3      | Found a runed translucent door.
  2273 | D:3      | Noticed a human
  2311 | D:3      | Found a basalt altar of Yredelemnul.
  2580 | D:4      | Reached skill level 1 in Ranged Weapons
  2842 | D:4      | Noticed a phantom
  2851 | D:4      | Killed a phantom
  2852 | D:4      | Reached skill level 1 in Hexes
  2852 | D:4      | Reached XP level 6. HP: 14/33 MP: 10/14
  3280 | D:4      | You fall into a shaft and drop 3 floors!
  3292 | D:7      | Noticed a water moccasin
  3326 | D:7      | HP: 1/33 [poisoned by a water moccasin]
  3326 | D:7      | Mangled by a water moccasin

Illustrated notes

Levels and vault maps discovered:
D:1:      moated_graveyard_arrival, layout_basic
D:2:      layout_basic, chequers_serial_rivers_room_b, uniq_terence
D:3:      layout_rooms, dk_yredelemnul_ordeal, minmay_checkerbox
D:4:      layout_gridville, mainiacjoe_overflow_alcove_4, minivault_5
D:7:      layout_cave_pools, mainiacjoe_overflow_alcove_2, kennysheep_diamond,
          kennysheep_generic_room_13, uniq_jeremiah

Skill      XL: |  1  2  3  4  5  6 |
---------------+-------------------+-----
Stealth        | 3 4 |  4.2
Dodging        | 3 4 |  4.0
Spellcasting   | 4 |  4.4
Conjurations   | 1 |  1.9
Fire Magic     | 1 |  1.4
Armour         | 1 |  1.4
Transmutations | 2 |  2.2
Ranged Weapons | 1 |  1.9
Hexes          | 1 |  1.5
Earth Magic    | 4 |  4.2
Fighting       | |  0.9

Action                     |  1- 3 |  4- 6 || total
---------------------------+-------+-------++-------
  Melee: Spear             |       |     6 ||     6
   Fire: Arbalest          |       |    56 ||    56
   Cast: Sandblast         |    52 |    48 ||   100
         Stone Arrow       |       |     1 ||     1
    Use: Scroll            |       |     5 ||     5
         Potion            |       |     3 ||     3
 Armour: Robe              |     7 |    27 ||    34
  Dodge: Dodged            |     3 |    32 ||    35
  Block: Other             |       |     1 ||     1

Table legend: (Time is in decaauts)
 A = Elapsed time spent in this place.
 B = Non-inter-level travel time spent in this place.
 C = Inter-level travel time spent in this place.
 D = Time resting spent in this place.
 E = Time spent auto-exploring this place.
 F = Levels seen in this place.
 G = Mean time per level.
                   A        B        C        D        E       F      G
               +--------+--------+--------+--------+--------+-----+--------+
         Total |   3423 |   3367 |     56 |     58 |   2770 |   5 |  684.6 |
       Dungeon |   3423 |   3367 |     56 |     58 |   2770 |   5 |  684.6 |
               +--------+--------+--------+--------+--------+-----+--------+

Top non-repeatable levels by time:
     D:2: 1006 daAuts
     D:4: 815 daAuts
     D:1: 815 daAuts
     D:3: 734 daAuts
     D:7: 53 daAuts
